 Dungeon Crawl Stone Soup version 0.32-a0-520-g344ed53f66 (webtiles) character file.

Game seed: 7132827686400079626

72 dialectric the Chopper (level 4, -1/52 HPs)
             Began as a Coglin Berserker on Feb 27, 2024.
             Was a Follower of Trog.
             Succumbed to an adder's poison
             ... on level 3 of the Dungeon.
             The game lasted 00:02:36 (2015 turns).

dialectric the Chopper (Coglin Berserker)           Turns: 2015, Time: 00:02:37

Health: -1/52      AC:  2    Str: 19    XL:     4   Next: 25%
Magic:  4/4        EV: 12    Int:  6    God:    Trog [*.....]
Gold:   111        SH:  0    Dex: 14    Spells: 3/3 levels left

rFire   . . .        a - +0 hand axe {Lukas}
rCold   . . .        f - +1 dagger (venom) {Daepnaf}
rNeg    . . .        b - +0 animal skin
rPois   .            (no helmet)
rElec   .            m - scarf {shadows}
rCorr   .            (no gloves)
SInv    .            (no boots)
Will    .....        (no amulet) Stlth
                     (ring unavailable)
HPRegen 0.28/turn    (ring unavailable)
MPRegen 0.09/turn

%: no passive effects
@: berserking, lethally poisoned (-1 -> -16), revving, very quick
A: off-hand wielding, slow wielding, warmup strikes, no rings
a: Renounce Religion, Berserk


You were on level 3 of the Dungeon.
You worshipped Trog.
Trog was aware of your devotion.
You visited 1 branch of the dungeon, and saw 3 of its levels.

You collected 147 gold pieces.
You spent 36 gold pieces at shops.

Inventory:

Hand Weapons
 a - a +0 hand axe (weapon) {Lukas}
 f - a +1 dagger of venom (offhand) {Daepnaf}
Armour
 b - a +0 animal skin (worn)
 m - a scarf of shadows (worn)
Talismans
 c - a maw talisman
Wands
 i - a wand of flame (19)
 r - a wand of acid (8)
Scrolls
 g - 2 scrolls of noise {unknown}
 k - a scroll of teleportation {unknown}
 l - a scroll of identify {unknown}
 o - a scroll of enchant armour {unknown}
 p - a scroll of vulnerability {unknown}
 q - 3 scrolls of fear {unknown}
Potions
 d - a potion of degeneration {unknown}
 e - a potion of might {unknown}
 h - a potion of invisibility {unknown}
 j - a potion of attraction {unknown}
 n - a potion of brilliance {unknown}


   Skills:
 + Level 3.5 Fighting
 + Level 3.5 Axes
 + Level 2.5 Armour
 + Level 2.4 Dodging


You had 3 spell levels left.
You didn't know any spells.
Your spell library was empty.

Dungeon Overview and Level Annotations

Branches:
Dungeon (3/15)

Altars:

Shops:
D:1 !


Innate Abilities, Weirdness & Mutations

You can wield a second weapon in your off-hand.
It takes a long time for you to wield or remove held weapons.
Your first few attacks do less damage.
Your grasper-arms cannot wear rings.


Message History

You closely miss the adder with your +0 hand axe.
You hit the jackal with your +0 hand axe.
You closely miss the adder with your +1 dagger of venom.
You feel sick. The jackal closely misses you. The adder bites you.
You are more poisoned.
The adder poisons you!
You miss the adder with your +1 dagger of venom.
The adder is moderately wounded.
You hit the adder with your +0 hand axe.
You hit the jackal with your +0 hand axe. x2
You feel very sick. The jackal bites you. The adder barely misses you.
The jackal bites you. The jackal completely misses you. The adder bites you.
You are lethally poisoned!
The adder poisons you!
You are too injured to fight recklessly!
A red film seems to cover your vision as you go berserk!
You feel yourself moving faster!
You feel mighty!
You feel very sick. The jackal bites you.
* * * LOW HITPOINT WARNING * * *
The jackal bites you.
* * * LOW HITPOINT WARNING * * *
The adder bites you.
* * * LOW HITPOINT WARNING * * *
You are more poisoned.
The adder poisons you! The jackal bites you.
* * * LOW HITPOINT WARNING * * *
You hit the jackal with your +1 dagger of venom.
You kill the jackal!
Trog accepts your kill.
You miss the adder with your +0 hand axe.
You barely miss the jackal with your +0 hand axe.
* * * LOW HITPOINT WARNING * * *
You feel very sick.
You kill the adder!
Trog accepts your kill. The jackal bites you.
* * * LOW HITPOINT WARNING * * *
You die...

###### ...... ......
...... .....> ##......
##### #########.......
....####.)......@h.....
.........######.#......
##..###### #..#......
)#..# #..##......
##..########.[# ######
..............
.###.#######.# ##
#.###<....# #
#..#..#####


You could see a jackal.

Vanquished Creatures
  2 adders (D:3)
  2 orcs (D:3)
  4 bats
  9 endoplasms
  4 giant cockroaches
  2 hobgoblins
  A jackal (D:3)
  3 quokkas (D:1)
  2 ball pythons (D:1)
  3 frilled lizards
  5 goblins
  8 kobolds
  3 rats
48 creatures vanquished.

Notes
Turn   | Place    | Note
-------+----------+-------------------------------------------
     0 | D:1      | dialectric the Coglin Berserker began the quest for the
                  | Orb.
     0 | D:1      | Reached XP level 1. HP: 18/18 MP: 1/1
   184 | D:1      | Reached XP level 2. HP: 18/24 MP: 2/2
   728 | D:1      | Found Sejiun Pohi's Distillery.
   738 | D:1      | Bought a potion of curing for 36 gold pieces
   885 | D:2      | Reached XP level 3. HP: 29/29 MP: 3/3
  1871 | D:3      | Reached XP level 4. HP: 29/35 MP: 4/4
  2014 | D:3      | HP: 2/52 [jackal (1)]
  2015 | D:3      | Succumbed to an adder's poison

Illustrated notes

Levels and vault maps discovered:
D:1:      ncdulo_wetmaze, layout_loops_ring, serial_shops,
          nicolae_lakefront_shop
D:2:      minmay_alternating_diamond, layout_loops_ring
D:3:      minmay_diamond_boxcup, layout_rooms, chequers_mini_garden,
          item_on_display_a

Skill      XL: |  1  2 |
---------------+-------+-----
Armour         | 2 |  2.5
Dodging        | 2 |  2.4
Fighting       | |  3.5
Axes           | |  3.5

Action                     |  1- 3 |  4- 6 || total
---------------------------+-------+-------++-------
  Melee: Hand axe          |   108 |     8 ||   116
         Dagger            |     3 |     9 ||    12
 Invoke: Berserk           |       |     1 ||     1
    Use: Potion            |     1 |       ||     1
   Stab: Sleeping          |     4 |       ||     4
 Armour: Animal skin       |    54 |    14 ||    68
  Dodge: Dodged            |    54 |     5 ||    59

Table legend: (Time is in decaauts)
 A = Elapsed time spent in this place.
 B = Non-inter-level travel time spent in this place.
 C = Inter-level travel time spent in this place.
 D = Time resting spent in this place.
 E = Time spent auto-exploring this place.
 F = Levels seen in this place.
 G = Mean time per level.
                   A        B        C        D        E       F      G
               +--------+--------+--------+--------+--------+-----+--------+
         Total |   2038 |   1971 |     67 |      0 |   1612 |   3 |  679.3 |
       Dungeon |   2038 |   1971 |     67 |      0 |   1612 |   3 |  679.3 |
               +--------+--------+--------+--------+--------+-----+--------+

Top non-repeatable levels by time:
     D:1: 797 daAuts
     D:2: 677 daAuts
     D:3: 563 daAuts
